HARTFORD MONKEYS vs NEW-YORK OUTLAWS
Created - 8 novembre 2025 at 18:00
Goals
|
| HARTFORD MONKEYS |
0 |
0 |
1 |
1 |
| NEW-YORK OUTLAWS |
2 |
0 |
0 |
2 |
|
Shots
|
| HARTFORD MONKEYS |
11 |
8 |
16 |
35 |
| NEW-YORK OUTLAWS |
18 |
11 |
5 |
34 |
|
1st period
1. NEW-YORK OUTLAWS , Jan Jenik 6 (Joey Anderson 8) at 8:06
2. NEW-YORK OUTLAWS , Joey Anderson 4 (Jan Jenik 3, Carson Lambos 4) at 9:06
Penalties :
Matthew Robertson (NYO) for Holding (Minor) at 1:32, Dylan Peterson (NYO) for Interference (Minor) at 15:49
2nd period
No Goal
Penalties :
No Penalty
3rd period
3. HARTFORD MONKEYS , Noah Ostlund 2 (Ryan Ufko 1, Logan Mailloux 7) at 14:37
Penalties :
Jan Jenik (NYO) for Roughing (Minor) at 10:52, Samuel Bolduc (HAR) for Tripping (Minor) at 10:52, Nathan Legare (NYO) for Goalie Interference (Minor) at 18:11
Goalie Stats
Callum Tung (HAR), 32 saves from 34 shots - (0,941), L, 0-3-0, 59:32 minutes
Kevin Mandolese (NYO), 34 saves from 35 shots - (0,971), W, 4-5-3, 60:00 minutes
Players Stats for HARTFORD MONKEYS
Player Name G A P +/- PIM S H SB GA TA FO MP PP MP PK MP
------------------------------------------------------------------------------------
Alexander Holtz 0 0 0 0 0 7 2 0 0 0 1/2 22:07 2:47 0:00
Brandon Gignac 0 0 0 -1 0 1 0 1 0 0 0/0 16:17 0:37 0:00
Cameron Crotty 0 0 0 0 0 0 1 0 0 0 0/0 11:41 0:00 0:00
Corey Andonovski 0 0 0 0 0 0 2 0 0 0 0/5 20:50 2:47 0:00
David Goyette 0 0 0 0 0 2 2 0 0 0 8/23 24:05 2:56 0:00
Declan Carlile 0 0 0 -1 0 0 0 1 0 0 0/0 20:33 2:50 0:00
Filip Mesar 0 0 0 0 0 1 1 0 0 0 0/1 20:37 2:22 0:00
Gavin Brindley 0 0 0 0 0 0 3 0 0 0 0/0 20:37 2:22 0:00
Isaac Ratcliffe 0 0 0 -1 0 0 2 0 0 0 0/1 15:16 0:03 0:00
Keaton Middleton 0 0 0 0 0 4 0 2 0 0 0/0 11:41 0:00 0:00
Konnor Smith 0 0 0 0 0 0 0 0 0 0 0/0 0:03 0:03 0:00
Logan Mailloux 0 1 1 0 0 1 1 0 0 0 0/0 19:53 2:56 0:00
Mavrik Bourque 0 0 0 0 0 8 0 1 0 0 9/22 22:07 2:47 0:00
Noah Ostlund 1 0 1 -1 0 7 0 1 0 0 9/21 16:05 0:37 0:00
Ryan Ufko 0 1 1 0 0 3 0 0 0 0 0/0 19:53 2:56 0:00
Samuel Bolduc 0 0 0 0 2 0 1 0 0 0 0/0 7:52 0:00 0:00
Topi Niemela 0 0 0 0 0 0 0 0 0 0 0/0 7:53 0:00 0:00
William Trudeau 0 0 0 -1 0 1 2 2 0 0 0/0 20:30 2:47 0:00
Players Stats for NEW-YORK OUTLAWS
Player Name G A P +/- PIM S H SB GA TA FO MP PP MP PK MP
------------------------------------------------------------------------------------
Carson Lambos 0 1 1 2 0 0 0 0 0 0 0/0 22:26 0:00 2:15
Christian Kyrou 0 0 0 0 0 0 1 4 0 0 1/1 7:43 0:00 0:00
Dylan Peterson 0 0 0 -1 2 3 1 0 0 0 20/32 24:19 0:00 1:53
Ethan Samson 0 0 0 -1 0 0 2 0 0 0 0/0 19:11 0:00 2:56
Ian Mitchell 0 0 0 0 0 1 1 4 0 0 0/0 11:56 0:00 0:59
Isak Rosen 0 0 0 0 0 1 0 0 0 0 0/0 3:48 0:00 0:00
James Malatesta 0 0 0 0 0 1 0 0 0 0 0/0 5:44 0:00 0:49
Jan Jenik 1 1 2 2 2 2 5 0 0 0 3/3 26:16 0:00 1:49
Joey Anderson 1 1 2 2 0 5 0 0 0 0 1/2 24:28 0:00 1:50
Jonathan Lekkerimaki 0 0 0 -1 0 6 0 1 0 0 1/4 23:35 0:00 2:56
Matthew Robertson 0 0 0 2 2 1 2 1 0 0 0/0 21:19 0:00 1:49
Nathan Legare 0 0 0 -1 2 6 3 0 0 0 1/2 22:36 0:00 0:00
Nikolai Knyzhov 0 0 0 0 0 0 0 0 0 0 0/0 0:00 0:00 0:00
Riley Duran 0 0 0 2 0 5 1 1 0 0 19/28 26:30 0:00 0:00
Ryan Johnson 0 0 0 0 0 0 2 1 0 0 0/0 11:25 0:00 0:28
Seamus Casey 0 0 0 0 0 0 3 0 0 0 0/0 7:40 0:00 0:09
Spencer Stastney 0 0 0 -1 0 0 0 2 0 0 0/0 19:11 0:00 2:56
Vasiliy Ponomarev 0 0 0 0 0 3 0 0 0 0 2/3 14:04 0:00 2:15
3 Stars
1 - Kevin Mandolese (NYO)
2 - Jan Jenik (NYO)
3 - Joey Anderson (NYO)
Power Play
HARTFORD MONKEYS - 0 on 3 Attempt(s) - 0,00%
NEW-YORK OUTLAWS - 0 on 0 Attempt(s) - 0,00%
Penalty Kill
HARTFORD MONKEYS - 0 on 0 Attempt(s) - 0,00%
- Score 0 goal in Penalty Kill
NEW-YORK OUTLAWS - 3 on 3 Attempt(s) - 100,00%
- Score 0 goal in Penalty Kill
Team Stat
HARTFORD MONKEYS - Hits : 17 - Faceoff Wins : 27 - Blocked Shots : 8 - Penalty Minutes : 2
NEW-YORK OUTLAWS - Hits : 21 - Faceoff Wins : 48 - Blocked Shots : 14 - Penalty Minutes : 8
Official
Referees : Tim Peel and Francois St-Laurent
Linesman : Jim Harper and Derek Wahl
Game Notes
No Game Note
HARTFORD MONKEYS
5 vs 5 Forward
Center Left Wing Right Wing Time % Phy DF OF
1 Mavrik Bourque Alexander Holtz Corey Andonovski 36 1 2 2
2 David Goyette Filip Mesar Gavin Brindley 31 1 2 2
3 Noah Ostlund Brandon Gignac Isaac Ratcliffe 23 1 2 2
4 Mavrik Bourque Alexander Holtz David Goyette 10 1 2 2
5 vs 5 Defense
Defense Defense Time % Phy DF OF
1 William Trudeau Declan Carlile 36 1 2 2
2 Ryan Ufko Logan Mailloux 31 1 2 2
3 Keaton Middleton Cameron Crotty 23 1 2 2
4 Samuel Bolduc Topi Niemela 10 1 2 2
PowerPlay Forward
Center Left Wing Right Wing Time % Phy DF OF
1 Mavrik Bourque Alexander Holtz Corey Andonovski 55 1 2 2
2 David Goyette Filip Mesar Gavin Brindley 45 1 2 2
PowerPlay Defense
Defense Defense Time % Phy DF OF
1 William Trudeau Declan Carlile 55 1 2 2
2 Ryan Ufko Logan Mailloux 45 1 2 2
Penalty Kill 4 Players Forward
Center Wing Time % Phy DF OF
1 Mavrik Bourque Alexander Holtz 55 1 2 2
2 David Goyette Corey Andonovski 45 1 2 2
Penalty Kill 4 Players Defense
Defense Defense Time % Phy DF OF
1 William Trudeau Declan Carlile 55 1 2 2
2 Ryan Ufko Logan Mailloux 45 1 2 2
Penalty Kill - 3 Players Forward
Forward Time % Phy DF OF
1 Mavrik Bourque 55 1 2 2
2 Alexander Holtz 45 1 2 2
Penalty Kill - 3 Players Defense
Defense Defense Time % Phy DF OF
1 William Trudeau Declan Carlile 55 1 2 2
2 Ryan Ufko Logan Mailloux 45 1 2 2
4 vs 4 Forward
Center Wing Time % Phy DF OF
1 Mavrik Bourque Alexander Holtz 55 1 2 2
2 David Goyette Corey Andonovski 45 1 2 2
4 vs 4 Defense
Defense Defense Time % Phy DF OF
1 William Trudeau Declan Carlile 55 1 2 2
2 Ryan Ufko Logan Mailloux 45 1 2 2
Last Minutes Offensive
Center Left Wing Right Wing Defense Defense
Mavrik Bourque Alexander Holtz Corey Andonovski William Trudeau Declan Carlile
Last Minutes Defensive
Center Left Wing Right Wing Defense Defense
Mavrik Bourque Alexander Holtz Corey Andonovski William Trudeau Declan Carlile
Goaltenders
Starting : Callum Tung
Backup : Jordan Papirny
Extra Forwards
Normal : Noah Ostlund, Brandon Gignac, Isaac Ratcliffe - PP : Noah Ostlund, Brandon Gignac - PK : Isaac Ratcliffe
Extra Defensemen
Normal : Konnor Smith, Keaton Middleton, Cameron Crotty - PP : Konnor Smith - PK : Keaton Middleton, Cameron Crotty
Penalty Shots
Mavrik Bourque, Alexander Holtz, David Goyette, Corey Andonovski, Filip Mesar
Scratches
Ben Hemmerling (Healthy), Chase Pietila (Healthy), Jonas Rondbjerg (Healthy), Brad Lambert (Right Ankle Injury), Carson Golder (Healthy)
Luke Mistelbacher (Healthy), Samuel Hlavaj (Healthy)
NEW-YORK OUTLAWS
5 vs 5 Forward
Center Left Wing Right Wing Time % Phy DF OF
1 Riley Duran Joey Anderson Jan Jenik 36 1 2 2
2 Dylan Peterson Jonathan Lekkerimaki Nathan Legare 31 1 2 2
3 Riley Duran Joey Anderson Jan Jenik 23 1 2 2
4 Jonathan Lekkerimaki Joey Anderson Jan Jenik 10 1 2 2
5 vs 5 Defense
Defense Defense Time % Phy DF OF
1 Matthew Robertson Carson Lambos 36 1 2 2
2 Spencer Stastney Ethan Samson 31 1 2 2
3 Ian Mitchell Ryan Johnson 23 1 2 2
4 Seamus Casey Christian Kyrou 10 1 2 2
PowerPlay Forward
Center Left Wing Right Wing Time % Phy DF OF
1 Riley Duran Joey Anderson Jan Jenik 55 1 2 2
2 Dylan Peterson Jonathan Lekkerimaki Nathan Legare 45 1 2 2
PowerPlay Defense
Defense Defense Time % Phy DF OF
1 Matthew Robertson Carson Lambos 55 1 2 2
2 Spencer Stastney Ethan Samson 45 1 2 2
Penalty Kill 4 Players Forward
Center Wing Time % Phy DF OF
1 Dylan Peterson Joey Anderson 55 1 2 2
2 Jan Jenik Jonathan Lekkerimaki 45 1 2 2
Penalty Kill 4 Players Defense
Defense Defense Time % Phy DF OF
1 Matthew Robertson Carson Lambos 55 1 2 2
2 Spencer Stastney Ethan Samson 45 1 2 2
Penalty Kill - 3 Players Forward
Forward Time % Phy DF OF
1 Jan Jenik 55 1 2 2
2 Joey Anderson 45 1 2 2
Penalty Kill - 3 Players Defense
Defense Defense Time % Phy DF OF
1 Matthew Robertson Carson Lambos 55 1 2 2
2 Spencer Stastney Ethan Samson 45 1 2 2
4 vs 4 Forward
Center Wing Time % Phy DF OF
1 Riley Duran Joey Anderson 55 1 2 2
2 Jan Jenik Jonathan Lekkerimaki 45 1 2 2
4 vs 4 Defense
Defense Defense Time % Phy DF OF
1 Matthew Robertson Carson Lambos 55 1 2 2
2 Spencer Stastney Ethan Samson 45 1 2 2
Last Minutes Offensive
Center Left Wing Right Wing Defense Defense
Jonathan Lekkerimaki Joey Anderson Jan Jenik Matthew Robertson Carson Lambos
Last Minutes Defensive
Center Left Wing Right Wing Defense Defense
Jonathan Lekkerimaki Joey Anderson Jan Jenik Matthew Robertson Carson Lambos
Goaltenders
Starting : Kevin Mandolese
Backup : Mark Sinclair
Extra Forwards
Normal : Riley Duran, Joey Anderson, Jan Jenik - PP : Riley Duran, Jan Jenik - PK : Jan Jenik
Extra Defensemen
Normal : Nikolai Knyzhov, Ian Mitchell, Ryan Johnson - PP : Nikolai Knyzhov - PK : Ian Mitchell, Ryan Johnson
Penalty Shots
Riley Duran, Joey Anderson, Jan Jenik, Jonathan Lekkerimaki, Dylan Peterson
Scratches
Jakub Stancl (Healthy), Olivier Nadeau (Healthy), Ryan Winterton (Broken Left Index Finger Injury), Matthew Wood (Healthy), Nathan Aspinall (Healthy)
Nathan Villeneuve (Healthy)
% Time on Ice - HARTFORD MONKEYS
Lines # - Real PCT - Wanted PCT - Time Play
Normal Forward
1 - 33% - 36% - 17:04
2 - 35% - 31% - 18:15
3 - 29% - 23% - 15:13
4 - 3% - 10% - 1:43
Normal Defense
1 - 32% - 36% - 16:43
2 - 31% - 31% - 15:58
3 - 22% - 23% - 11:41
4 - 15% - 10% - 7:53
PP Forward
1 - 48% - 55% - 2:47
2 - 52% - 45% - 2:59
PP Defense
1 - 49% - 55% - 2:50
2 - 51% - 45% - 2:56
PK Forward
1 - 0% - 55%
2 - 0% - 45%
PK Defense
1 - 0% - 55%
2 - 0% - 45%
PK3 Forward
1 - 0% - 55%
2 - 0% - 45%
PK3 Defense
1 - 0% - 55%
2 - 0% - 45%
44 Forward
1 - 40% - 55% - 0:48
2 - 60% - 45% - 1:11
44 Defense
1 - 50% - 55% - 1:00
2 - 50% - 45% - 0:59
Last Minute Offensive - 0:00
Last Minute Defensive - 0:00
Total
Forward - 60:00
Defense - 60:00
|
% Time on Ice - NEW-YORK OUTLAWS
Lines # - Real PCT - Wanted PCT - Time Play
Normal Forward
1 - 35% - 36% - 18:24
2 - 45% - 31% - 23:28
3 - 17% - 23% - 9:01
4 - 3% - 10% - 1:22
Normal Defense
1 - 36% - 36% - 18:35
2 - 29% - 31% - 15:12
3 - 21% - 23% - 10:57
4 - 14% - 10% - 7:31
PP Forward
1 - 0% - 55%
2 - 0% - 45%
PP Defense
1 - 0% - 55%
2 - 0% - 45%
PK Forward
1 - 62% - 55% - 3:35
2 - 38% - 45% - 2:11
PK Defense
1 - 49% - 55% - 2:50
2 - 51% - 45% - 2:56
PK3 Forward
1 - 0% - 55%
2 - 0% - 45%
PK3 Defense
1 - 0% - 55%
2 - 0% - 45%
44 Forward
1 - 53% - 55% - 1:03
2 - 47% - 45% - 0:56
44 Defense
1 - 47% - 55% - 0:56
2 - 53% - 45% - 1:03
Last Minute Offensive - 0:00
Last Minute Defensive - 0:00
Total
Forward - 60:00
Defense - 60:00
|
Play-by-Play
1st period
0:01 of 1st period - Joey Anderson wins face-off versus Mavrik Bourque in neutral zone.
0:13 of 1st period - Icing by Mavrik Bourque.
0:14 of 1st period - Mavrik Bourque wins face-off versus Dylan Peterson in HARTFORD MONKEYS zone.
0:16 of 1st period - Alexander Holtz is hit by Nathan Legare and loses puck.
0:29 of 1st period - Shot by Alexander Holtz.
0:29 of 1st period - Stopped by Kevin Mandolese without a rebound.
0:30 of 1st period - Riley Duran wins face-off versus Filip Mesar in NEW-YORK OUTLAWS zone.
0:49 of 1st period - Shot by Joey Anderson.
0:49 of 1st period - Stopped by Callum Tung with a rebound.
1:32 of 1st period - Minor Penalty to Matthew Robertson for Holding.
1:33 of 1st period - Mavrik Bourque wins face-off versus Dylan Peterson in NEW-YORK OUTLAWS zone.
2:11 of 1st period - Shot by Mavrik Bourque.
2:11 of 1st period - Shot Misses the Net.
2:20 of 1st period - Off-side.
2:21 of 1st period - Jan Jenik wins face-off versus David Goyette in neutral zone.
2:45 of 1st period - Shot by Logan Mailloux.
2:45 of 1st period - Shot Misses the Net.
3:43 of 1st period - Shot by Riley Duran.
3:43 of 1st period - Shot Misses the Net.
3:45 of 1st period - Shot by Jonathan Lekkerimaki.
3:45 of 1st period - Shot Blocked by Keaton Middleton.
3:47 of 1st period - Shot by Nathan Legare.
3:47 of 1st period - Shot Blocked by Keaton Middleton.
3:49 of 1st period - Shot by Nathan Legare.
3:49 of 1st period - Stopped by Callum Tung with a rebound.
3:56 of 1st period - Shot by Riley Duran.
3:56 of 1st period - Stopped by Callum Tung with a rebound.
3:58 of 1st period - Shot by Riley Duran.
3:58 of 1st period - Stopped by Callum Tung with a rebound.
4:00 of 1st period - Shot by Jonathan Lekkerimaki.
4:00 of 1st period - Shot Misses the Net.
4:02 of 1st period - Shot by Nathan Legare.
4:02 of 1st period - Stopped by Callum Tung without a rebound.
4:03 of 1st period - Riley Duran wins face-off versus David Goyette in HARTFORD MONKEYS zone.
5:00 of 1st period - Shot by Dylan Peterson.
5:00 of 1st period - Stopped by Callum Tung with a rebound.
5:02 of 1st period - Shot by Matthew Robertson.
5:02 of 1st period - Stopped by Callum Tung with a rebound.
5:12 of 1st period - Shot by Vasiliy Ponomarev.
5:12 of 1st period - Stopped by Callum Tung with a rebound.
5:53 of 1st period - Icing by Ian Mitchell.
5:54 of 1st period - Mavrik Bourque wins face-off versus Jonathan Lekkerimaki in NEW-YORK OUTLAWS zone.
5:57 of 1st period - Shot by Alexander Holtz.
5:57 of 1st period - Stopped by Kevin Mandolese without a rebound.
5:58 of 1st period - Dylan Peterson wins face-off versus David Goyette in NEW-YORK OUTLAWS zone.
6:05 of 1st period - Shot by Jonathan Lekkerimaki.
6:05 of 1st period - Shot Blocked by Declan Carlile.
6:10 of 1st period - Off-side.
6:11 of 1st period - Riley Duran wins face-off versus Mavrik Bourque in neutral zone.
6:38 of 1st period - Shot by Riley Duran.
6:38 of 1st period - Deflect By Jan Jenik.
6:38 of 1st period - Shot Misses the Net.
7:25 of 1st period - Isak Rosen is hit by William Trudeau.
7:38 of 1st period - Isak Rosen is hit by Gavin Brindley and loses puck.
7:51 of 1st period - Shot by Isak Rosen.
7:51 of 1st period - Stopped by Callum Tung without a rebound.
7:52 of 1st period - Dylan Peterson wins face-off versus Noah Ostlund in HARTFORD MONKEYS zone.
7:59 of 1st period - Shot by Dylan Peterson.
7:59 of 1st period - Stopped by Callum Tung without a rebound.
8:00 of 1st period - Noah Ostlund wins face-off versus Riley Duran in HARTFORD MONKEYS zone.
8:00 of 1st period - Noah Ostlund is hit by Riley Duran.
8:06 of 1st period - Shot by Jan Jenik.
8:06 of 1st period - Goal by Jan Jenik - HARTFORD MONKEYS : 0 - NEW-YORK OUTLAWS : 1.
8:07 of 1st period - Mavrik Bourque wins face-off versus Nathan Legare in neutral zone.
8:23 of 1st period - Shot by Alexander Holtz.
8:23 of 1st period - Shot Misses the Net.
9:04 of 1st period - Shot by Jan Jenik.
9:04 of 1st period - Deflect By Joey Anderson.
9:04 of 1st period - Shot Misses the Net.
9:06 of 1st period - Shot by Joey Anderson.
9:06 of 1st period - Goal by Joey Anderson - HARTFORD MONKEYS : 0 - NEW-YORK OUTLAWS : 2.
9:07 of 1st period - David Goyette wins face-off versus Riley Duran in neutral zone.
9:25 of 1st period - Gavin Brindley is hit by Seamus Casey and loses puck.
9:42 of 1st period - Icing by Keaton Middleton.
9:43 of 1st period - David Goyette wins face-off versus Dylan Peterson in HARTFORD MONKEYS zone.
9:43 of 1st period - David Goyette is hit by Nathan Legare.
9:59 of 1st period - Shot by Jonathan Lekkerimaki.
9:59 of 1st period - Shot Misses the Net.
10:01 of 1st period - Shot by Jonathan Lekkerimaki.
10:01 of 1st period - Shot Misses the Net.
10:06 of 1st period - Icing by Keaton Middleton.
10:07 of 1st period - Riley Duran wins face-off versus David Goyette in HARTFORD MONKEYS zone.
10:22 of 1st period - Shot by Riley Duran.
10:22 of 1st period - Stopped by Callum Tung without a rebound.
10:23 of 1st period - Nathan Legare wins face-off versus Mavrik Bourque in HARTFORD MONKEYS zone.
10:24 of 1st period - Shot by Jonathan Lekkerimaki.
10:24 of 1st period - Stopped by Callum Tung without a rebound.
10:25 of 1st period - Dylan Peterson wins face-off versus Mavrik Bourque in HARTFORD MONKEYS zone.
10:26 of 1st period - Shot by Spencer Stastney.
10:26 of 1st period - Shot Misses the Net.
10:36 of 1st period - Shot by Mavrik Bourque.
10:36 of 1st period - Stopped by Kevin Mandolese with a rebound.
10:38 of 1st period - Shot by Alexander Holtz.
10:38 of 1st period - Shot Misses the Net.
10:40 of 1st period - Shot by Declan Carlile.
10:40 of 1st period - Shot Blocked by Spencer Stastney.
10:46 of 1st period - Shot by Mavrik Bourque.
10:46 of 1st period - Shot Misses the Net.
10:48 of 1st period - Shot by Mavrik Bourque.
10:48 of 1st period - Stopped by Kevin Mandolese without a rebound.
10:49 of 1st period - Riley Duran wins face-off versus Noah Ostlund in NEW-YORK OUTLAWS zone.
10:49 of 1st period - Riley Duran is hit by Isaac Ratcliffe.
11:44 of 1st period - Shot by Mavrik Bourque.
11:44 of 1st period - Stopped by Kevin Mandolese with a rebound.
12:30 of 1st period - David Goyette is hit by Ian Mitchell and loses puck.
13:08 of 1st period - Joey Anderson is hit by Samuel Bolduc and loses puck.
13:38 of 1st period - Filip Mesar is hit by Christian Kyrou and loses puck.
13:51 of 1st period - Shot by Isaac Ratcliffe.
13:51 of 1st period - Shot Misses the Net.
13:53 of 1st period - Shot by Ryan Ufko.
13:53 of 1st period - Stopped by Kevin Mandolese with a rebound.
14:00 of 1st period - Shot by Isaac Ratcliffe.
14:00 of 1st period - Shot Blocked by Christian Kyrou.
14:04 of 1st period - Shot by Ryan Ufko.
14:04 of 1st period - Stopped by Kevin Mandolese without a rebound.
14:05 of 1st period - Dylan Peterson wins face-off versus Mavrik Bourque in NEW-YORK OUTLAWS zone.
14:05 of 1st period - Dylan Peterson is hit by Alexander Holtz.
14:56 of 1st period - Alexander Holtz is hit by Ethan Samson.
15:12 of 1st period - Shot by Brandon Gignac.
15:12 of 1st period - Shot Misses the Net.
15:18 of 1st period - Shot by Noah Ostlund.
15:18 of 1st period - Stopped by Kevin Mandolese without a rebound.
15:19 of 1st period - Dylan Peterson wins face-off versus Noah Ostlund in NEW-YORK OUTLAWS zone.
15:49 of 1st period - Minor Penalty to Dylan Peterson for Interference.
15:50 of 1st period - Vasiliy Ponomarev wins face-off versus David Goyette in NEW-YORK OUTLAWS zone.
16:09 of 1st period - Shot by Logan Mailloux.
16:09 of 1st period - Stopped by Kevin Mandolese with a rebound.
16:11 of 1st period - Shot by Logan Mailloux.
16:11 of 1st period - Shot Misses the Net.
16:43 of 1st period - Joey Anderson is hit by Corey Andonovski and loses puck.
17:32 of 1st period - Icing by Ryan Ufko.
17:33 of 1st period - Jan Jenik wins face-off versus David Goyette in HARTFORD MONKEYS zone.
18:02 of 1st period - Shot by Noah Ostlund.
18:02 of 1st period - Stopped by Kevin Mandolese without a rebound.
18:03 of 1st period - Dylan Peterson wins face-off versus Mavrik Bourque in NEW-YORK OUTLAWS zone.
18:29 of 1st period - Shot by Nathan Legare.
18:29 of 1st period - Shot Blocked by Mavrik Bourque.
18:35 of 1st period - Shot by Nathan Legare.
18:35 of 1st period - Deflect By Riley Duran.
18:35 of 1st period - Shot Blocked by William Trudeau.
18:41 of 1st period - Shot by Nathan Legare.
18:41 of 1st period - Stopped by Callum Tung without a rebound.
18:42 of 1st period - David Goyette wins face-off versus Jonathan Lekkerimaki in HARTFORD MONKEYS zone.
18:49 of 1st period - Shot by Gavin Brindley.
18:49 of 1st period - Shot Misses the Net.
19:10 of 1st period - Shot by Jan Jenik.
19:10 of 1st period - Deflect By Jonathan Lekkerimaki.
19:10 of 1st period - Stopped by Callum Tung with a rebound.
19:30 of 1st period - Shot by Dylan Peterson.
19:30 of 1st period - Shot Misses the Net.
19:42 of 1st period - Shot by Nathan Legare.
19:42 of 1st period - Stopped by Callum Tung with a rebound.
19:44 of 1st period - Shot by Nathan Legare.
19:44 of 1st period - Deflect By Riley Duran.
19:44 of 1st period - Stopped by Callum Tung without a rebound.
19:45 of 1st period - Noah Ostlund wins face-off versus Riley Duran in HARTFORD MONKEYS zone.
19:45 of 1st period - Noah Ostlund is hit by Jan Jenik.
19:48 of 1st period - Icing by Logan Mailloux.
19:49 of 1st period - Noah Ostlund wins face-off versus Jonathan Lekkerimaki in HARTFORD MONKEYS zone.
19:56 of 1st period - Shot by Logan Mailloux.
19:56 of 1st period - Shot Misses the Net.
19:58 of 1st period - Shot by Ryan Ufko.
19:58 of 1st period - Stopped by Kevin Mandolese without a rebound.
19:59 of 1st period - Riley Duran wins face-off versus Mavrik Bourque in NEW-YORK OUTLAWS zone.
Goals for this period are 0 for HARTFORD MONKEYS vs 2 for NEW-YORK OUTLAWS.
Shots for this period are 11 for HARTFORD MONKEYS vs 18 for NEW-YORK OUTLAWS.
2nd period
0:01 of 2nd period - Mavrik Bourque wins face-off versus Riley Duran in neutral zone.
0:03 of 2nd period - Alexander Holtz is hit by Matthew Robertson and loses puck.
0:17 of 2nd period - Icing by Declan Carlile.
0:18 of 2nd period - Mavrik Bourque wins face-off versus Dylan Peterson in HARTFORD MONKEYS zone.
0:46 of 2nd period - Shot by Nathan Legare.
0:46 of 2nd period - Shot Misses the Net.
0:48 of 2nd period - Shot by Nathan Legare.
0:48 of 2nd period - Stopped by Callum Tung with a rebound.
0:50 of 2nd period - Shot by Spencer Stastney.
0:50 of 2nd period - Shot Misses the Net.
0:52 of 2nd period - Shot by Nathan Legare.
0:52 of 2nd period - Stopped by Callum Tung without a rebound.
0:53 of 2nd period - Noah Ostlund wins face-off versus Joey Anderson in HARTFORD MONKEYS zone.
0:53 of 2nd period - Noah Ostlund is hit by Jan Jenik.
1:44 of 2nd period - Shot by Keaton Middleton.
1:44 of 2nd period - Shot Misses the Net.
1:48 of 2nd period - Shot by Filip Mesar.
1:48 of 2nd period - Shot Misses the Net.
1:50 of 2nd period - Shot by Keaton Middleton.
1:50 of 2nd period - Stopped by Kevin Mandolese without a rebound.
1:51 of 2nd period - Dylan Peterson wins face-off versus Corey Andonovski in NEW-YORK OUTLAWS zone.
2:15 of 2nd period - Shot by Alexander Holtz.
2:15 of 2nd period - Stopped by Kevin Mandolese without a rebound.
2:16 of 2nd period - Dylan Peterson wins face-off versus David Goyette in NEW-YORK OUTLAWS zone.
2:27 of 2nd period - Shot by Jonathan Lekkerimaki.
2:27 of 2nd period - Stopped by Callum Tung without a rebound.
2:28 of 2nd period - Jan Jenik wins face-off versus Noah Ostlund in HARTFORD MONKEYS zone.
2:31 of 2nd period - Shot by Joey Anderson.
2:31 of 2nd period - Stopped by Callum Tung without a rebound.
2:32 of 2nd period - David Goyette wins face-off versus Dylan Peterson in HARTFORD MONKEYS zone.
3:19 of 2nd period - Shot by Jan Jenik.
3:19 of 2nd period - Stopped by Callum Tung with a rebound.
3:23 of 2nd period - Shot by Riley Duran.
3:23 of 2nd period - Stopped by Callum Tung without a rebound.
3:24 of 2nd period - Mavrik Bourque wins face-off versus Riley Duran in HARTFORD MONKEYS zone.
3:35 of 2nd period - Alexander Holtz is hit by Ryan Johnson and loses puck.
3:51 of 2nd period - Mavrik Bourque is hit by Ryan Johnson and loses puck.
4:19 of 2nd period - Shot by Keaton Middleton.
4:19 of 2nd period - Shot Misses the Net.
4:21 of 2nd period - Shot by Keaton Middleton.
4:21 of 2nd period - Stopped by Kevin Mandolese with a rebound.
4:23 of 2nd period - Shot by Keaton Middleton.
4:23 of 2nd period - Stopped by Kevin Mandolese without a rebound.
4:24 of 2nd period - Noah Ostlund wins face-off versus Dylan Peterson in NEW-YORK OUTLAWS zone.
4:31 of 2nd period - Shot by Noah Ostlund.
4:31 of 2nd period - Shot Misses the Net.
6:07 of 2nd period - Shot by Jonathan Lekkerimaki.
6:07 of 2nd period - Stopped by Callum Tung without a rebound.
6:08 of 2nd period - Dylan Peterson wins face-off versus Corey Andonovski in HARTFORD MONKEYS zone.
6:38 of 2nd period - Shot by Alexander Holtz.
6:38 of 2nd period - Shot Misses the Net.
6:40 of 2nd period - Shot by Mavrik Bourque.
6:40 of 2nd period - Shot Misses the Net.
6:46 of 2nd period - Shot by Mavrik Bourque.
6:46 of 2nd period - Deflect By Alexander Holtz.
6:46 of 2nd period - Shot Misses the Net.
7:18 of 2nd period - Shot by Jan Jenik.
7:18 of 2nd period - Shot Misses the Net.
7:54 of 2nd period - Shot by David Goyette.
7:54 of 2nd period - Shot Misses the Net.
8:34 of 2nd period - Shot by Mavrik Bourque.
8:34 of 2nd period - Shot Blocked by Christian Kyrou.
8:43 of 2nd period - Off-side.
8:44 of 2nd period - Riley Duran wins face-off versus Mavrik Bourque in neutral zone.
9:05 of 2nd period - Ian Mitchell is hit by Logan Mailloux.
10:39 of 2nd period - Icing by Riley Duran.
10:40 of 2nd period - Riley Duran wins face-off versus David Goyette in NEW-YORK OUTLAWS zone.
10:40 of 2nd period - Riley Duran is hit by David Goyette.
11:11 of 2nd period - Shot by Jonathan Lekkerimaki.
11:11 of 2nd period - Shot Misses the Net.
11:23 of 2nd period - Shot by Jonathan Lekkerimaki.
11:23 of 2nd period - Deflect By Jan Jenik.
11:23 of 2nd period - Shot Misses the Net.
12:20 of 2nd period - Off-side.
12:21 of 2nd period - Dylan Peterson wins face-off versus Noah Ostlund in neutral zone.
12:26 of 2nd period - Shot by Nathan Legare.
12:26 of 2nd period - Shot Misses the Net.
12:30 of 2nd period - Shot by Jonathan Lekkerimaki.
12:30 of 2nd period - Shot Misses the Net.
12:32 of 2nd period - Shot by Ian Mitchell.
12:32 of 2nd period - Stopped by Callum Tung with a rebound.
12:42 of 2nd period - Shot by Jonathan Lekkerimaki.
12:42 of 2nd period - Shot Misses the Net.
13:23 of 2nd period - Brandon Gignac is hit by Jan Jenik and loses puck.
13:38 of 2nd period - Icing by Noah Ostlund.
13:39 of 2nd period - Noah Ostlund wins face-off versus Vasiliy Ponomarev in HARTFORD MONKEYS zone.
14:14 of 2nd period - Icing by Topi Niemela.
14:15 of 2nd period - Jonathan Lekkerimaki wins face-off versus Noah Ostlund in HARTFORD MONKEYS zone.
14:16 of 2nd period - Shot by Jan Jenik.
14:16 of 2nd period - Deflect By Jonathan Lekkerimaki.
14:16 of 2nd period - Shot Misses the Net.
14:18 of 2nd period - Shot by Joey Anderson.
14:18 of 2nd period - Stopped by Callum Tung without a rebound.
14:19 of 2nd period - Riley Duran wins face-off versus Alexander Holtz in HARTFORD MONKEYS zone.
14:19 of 2nd period - Riley Duran is hit by William Trudeau.
14:29 of 2nd period - Shot by Riley Duran.
14:29 of 2nd period - Shot Misses the Net.
14:49 of 2nd period - Shot by Alexander Holtz.
14:49 of 2nd period - Stopped by Kevin Mandolese with a rebound.
14:51 of 2nd period - Shot by Mavrik Bourque.
14:51 of 2nd period - Stopped by Kevin Mandolese without a rebound.
14:52 of 2nd period - David Goyette wins face-off versus Dylan Peterson in NEW-YORK OUTLAWS zone.
14:55 of 2nd period - Shot by Filip Mesar.
14:55 of 2nd period - Deflect By David Goyette.
14:55 of 2nd period - Stopped by Kevin Mandolese without a rebound.
14:56 of 2nd period - Dylan Peterson wins face-off versus David Goyette in NEW-YORK OUTLAWS zone.
15:20 of 2nd period - Shot by Jonathan Lekkerimaki.
15:20 of 2nd period - Shot Misses the Net.
16:31 of 2nd period - Icing by Carson Lambos.
16:32 of 2nd period - David Goyette wins face-off versus Riley Duran in NEW-YORK OUTLAWS zone.
17:59 of 2nd period - Shot by Isak Rosen.
17:59 of 2nd period - Shot Blocked by Noah Ostlund.
18:05 of 2nd period - Shot by Vasiliy Ponomarev.
18:05 of 2nd period - Deflect By James Malatesta.
18:05 of 2nd period - Stopped by Callum Tung with a rebound.
18:07 of 2nd period - Shot by Ian Mitchell.
18:07 of 2nd period - Shot Misses the Net.
18:11 of 2nd period - Shot by Vasiliy Ponomarev.
18:11 of 2nd period - Stopped by Callum Tung without a rebound.
18:12 of 2nd period - Riley Duran wins face-off versus David Goyette in HARTFORD MONKEYS zone.
18:26 of 2nd period - Shot by Filip Mesar.
18:26 of 2nd period - Shot Misses the Net.
18:28 of 2nd period - Shot by David Goyette.
18:28 of 2nd period - Stopped by Kevin Mandolese with a rebound.
18:30 of 2nd period - Shot by David Goyette.
18:30 of 2nd period - Deflect By Gavin Brindley.
18:30 of 2nd period - Shot Blocked by Christian Kyrou.
18:40 of 2nd period - Shot by David Goyette.
18:40 of 2nd period - Shot Blocked by Christian Kyrou.
19:05 of 2nd period - Mavrik Bourque is hit by Seamus Casey and loses puck.
19:32 of 2nd period - Shot by Noah Ostlund.
19:32 of 2nd period - Shot Misses the Net.
19:39 of 2nd period - Noah Ostlund is hit by Seamus Casey.
Goals for this period are 0 for HARTFORD MONKEYS vs 0 for NEW-YORK OUTLAWS.
Shots for this period are 8 for HARTFORD MONKEYS vs 11 for NEW-YORK OUTLAWS.
3rd period
0:01 of 3rd period - Riley Duran wins face-off versus Mavrik Bourque in neutral zone.
0:12 of 3rd period - Shot by Jan Jenik.
0:12 of 3rd period - Shot Blocked by William Trudeau.
0:27 of 3rd period - Shot by Alexander Holtz.
0:27 of 3rd period - Deflect By Mavrik Bourque.
0:27 of 3rd period - Shot Misses the Net.
0:48 of 3rd period - Icing by Joey Anderson.
0:49 of 3rd period - Riley Duran wins face-off versus Noah Ostlund in NEW-YORK OUTLAWS zone.
1:02 of 3rd period - Brandon Gignac is hit by Matthew Robertson and loses puck.
1:45 of 3rd period - Shot by Gavin Brindley.
1:45 of 3rd period - Shot Blocked by Spencer Stastney.
1:47 of 3rd period - Shot by Keaton Middleton.
1:47 of 3rd period - Stopped by Kevin Mandolese without a rebound.
1:48 of 3rd period - Dylan Peterson wins face-off versus Corey Andonovski in NEW-YORK OUTLAWS zone.
1:48 of 3rd period - Dylan Peterson is hit by Corey Andonovski.
2:10 of 3rd period - Shot by Mavrik Bourque.
2:10 of 3rd period - Stopped by Kevin Mandolese without a rebound.
2:11 of 3rd period - Dylan Peterson wins face-off versus David Goyette in NEW-YORK OUTLAWS zone.
2:11 of 3rd period - Dylan Peterson is hit by Cameron Crotty.
2:32 of 3rd period - Shot by Jonathan Lekkerimaki.
2:32 of 3rd period - Shot Misses the Net.
2:34 of 3rd period - Shot by Ryan Johnson.
2:34 of 3rd period - Shot Misses the Net.
2:51 of 3rd period - Off-side.
2:52 of 3rd period - Riley Duran wins face-off versus Corey Andonovski in neutral zone.
3:20 of 3rd period - Shot by Alexander Holtz.
3:20 of 3rd period - Deflect By Mavrik Bourque.
3:20 of 3rd period - Shot Blocked by Riley Duran.
3:24 of 3rd period - Shot by Alexander Holtz.
3:24 of 3rd period - Stopped by Kevin Mandolese without a rebound.
3:25 of 3rd period - Dylan Peterson wins face-off versus Noah Ostlund in NEW-YORK OUTLAWS zone.
3:27 of 3rd period - Icing by Jonathan Lekkerimaki.
3:28 of 3rd period - Noah Ostlund wins face-off versus Dylan Peterson in NEW-YORK OUTLAWS zone.
3:31 of 3rd period - Shot by Brandon Gignac.
3:31 of 3rd period - Stopped by Kevin Mandolese without a rebound.
3:32 of 3rd period - Dylan Peterson wins face-off versus David Goyette in NEW-YORK OUTLAWS zone.
4:55 of 3rd period - Shot by Alexander Holtz.
4:55 of 3rd period - Shot Hit the Post.
4:57 of 3rd period - Shot by William Trudeau.
4:57 of 3rd period - Shot Blocked by Ian Mitchell.
4:59 of 3rd period - Shot by Alexander Holtz.
4:59 of 3rd period - Shot Blocked by Ryan Johnson.
5:01 of 3rd period - Shot by Declan Carlile.
5:01 of 3rd period - Shot Blocked by Ian Mitchell.
5:09 of 3rd period - Shot by Alexander Holtz.
5:09 of 3rd period - Shot Blocked by Ian Mitchell.
5:27 of 3rd period - Icing by Ian Mitchell.
5:28 of 3rd period - Dylan Peterson wins face-off versus Isaac Ratcliffe in NEW-YORK OUTLAWS zone.
5:39 of 3rd period - Shot by Noah Ostlund.
5:39 of 3rd period - Shot Misses the Net.
5:41 of 3rd period - Shot by Noah Ostlund.
5:41 of 3rd period - Stopped by Kevin Mandolese without a rebound.
5:42 of 3rd period - Riley Duran wins face-off versus Noah Ostlund in NEW-YORK OUTLAWS zone.
6:16 of 3rd period - Shot by Joey Anderson.
6:16 of 3rd period - Shot Blocked by Brandon Gignac.
6:44 of 3rd period - Shot by Vasiliy Ponomarev.
6:44 of 3rd period - Stopped by Callum Tung with a rebound.
6:51 of 3rd period - Off-side.
6:52 of 3rd period - Mavrik Bourque wins face-off versus Riley Duran in neutral zone.
7:01 of 3rd period - Shot by Alexander Holtz.
7:01 of 3rd period - Stopped by Kevin Mandolese with a rebound.
7:03 of 3rd period - Shot by Alexander Holtz.
7:03 of 3rd period - Stopped by Kevin Mandolese without a rebound.
7:04 of 3rd period - David Goyette wins face-off versus Dylan Peterson in NEW-YORK OUTLAWS zone.
7:11 of 3rd period - Shot by Filip Mesar.
7:11 of 3rd period - Stopped by Kevin Mandolese with a rebound.
7:47 of 3rd period - Ethan Samson is hit by Filip Mesar and loses puck.
8:06 of 3rd period - Shot by Joey Anderson.
8:06 of 3rd period - Shot Misses the Net.
9:33 of 3rd period - Off-side.
9:34 of 3rd period - Vasiliy Ponomarev wins face-off versus Noah Ostlund in neutral zone.
9:39 of 3rd period - Shot by James Malatesta.
9:39 of 3rd period - Shot Misses the Net.
9:45 of 3rd period - Shot by Ryan Ufko.
9:45 of 3rd period - Shot Misses the Net.
9:47 of 3rd period - Shot by Ryan Ufko.
9:47 of 3rd period - Shot Misses the Net.
10:37 of 3rd period - Shot by Mavrik Bourque.
10:37 of 3rd period - Shot Misses the Net.
10:52 of 3rd period - Minor Penalty to Jan Jenik for Roughing.
10:52 of 3rd period - Minor Penalty to Samuel Bolduc for Tripping.
10:53 of 3rd period - Christian Kyrou wins face-off versus David Goyette in HARTFORD MONKEYS zone.
11:04 of 3rd period - Shot by Jonathan Lekkerimaki.
11:04 of 3rd period - Stopped by Callum Tung without a rebound.
11:05 of 3rd period - Riley Duran wins face-off versus Mavrik Bourque in HARTFORD MONKEYS zone.
11:06 of 3rd period - Shot by Joey Anderson.
11:06 of 3rd period - Stopped by Callum Tung with a rebound.
11:23 of 3rd period - Matthew Robertson is hit by Alexander Holtz.
12:16 of 3rd period - Shot by Jonathan Lekkerimaki.
12:16 of 3rd period - Shot Misses the Net.
12:54 of 3rd period - Ian Mitchell is hit by Isaac Ratcliffe and loses puck.
13:14 of 3rd period - Shot by Noah Ostlund.
13:14 of 3rd period - Stopped by Kevin Mandolese without a rebound.
13:15 of 3rd period - David Goyette wins face-off versus Dylan Peterson in NEW-YORK OUTLAWS zone.
13:30 of 3rd period - Shot by Jonathan Lekkerimaki.
13:30 of 3rd period - Stopped by Callum Tung without a rebound.
13:31 of 3rd period - Mavrik Bourque wins face-off versus Riley Duran in HARTFORD MONKEYS zone.
13:31 of 3rd period - Mavrik Bourque is hit by Jan Jenik.
13:34 of 3rd period - Icing by Alexander Holtz.
13:35 of 3rd period - Riley Duran wins face-off versus Corey Andonovski in HARTFORD MONKEYS zone.
13:56 of 3rd period - Shot by Mavrik Bourque.
13:56 of 3rd period - Shot Misses the Net.
13:58 of 3rd period - Shot by William Trudeau.
13:58 of 3rd period - Stopped by Kevin Mandolese with a rebound.
14:06 of 3rd period - Shot by Alexander Holtz.
14:06 of 3rd period - Deflect By Mavrik Bourque.
14:06 of 3rd period - Stopped by Kevin Mandolese without a rebound.
14:07 of 3rd period - Noah Ostlund wins face-off versus Dylan Peterson in NEW-YORK OUTLAWS zone.
14:07 of 3rd period - Noah Ostlund is hit by Ethan Samson.
14:23 of 3rd period - Shot by Noah Ostlund.
14:23 of 3rd period - Shot Misses the Net.
14:37 of 3rd period - Shot by Noah Ostlund.
14:37 of 3rd period - Goal by Noah Ostlund - HARTFORD MONKEYS : 1 - NEW-YORK OUTLAWS : 2.
14:38 of 3rd period - Riley Duran wins face-off versus David Goyette in neutral zone.
14:50 of 3rd period - Shot by David Goyette.
14:50 of 3rd period - Shot Misses the Net.
14:52 of 3rd period - Shot by William Trudeau.
14:52 of 3rd period - Shot Misses the Net.
15:10 of 3rd period - Off-side.
15:11 of 3rd period - Dylan Peterson wins face-off versus Mavrik Bourque in neutral zone.
15:20 of 3rd period - Shot by Mavrik Bourque.
15:20 of 3rd period - Stopped by Kevin Mandolese without a rebound.
15:21 of 3rd period - Dylan Peterson wins face-off versus Noah Ostlund in NEW-YORK OUTLAWS zone.
15:54 of 3rd period - Shot by Noah Ostlund.
15:54 of 3rd period - Stopped by Kevin Mandolese without a rebound.
15:55 of 3rd period - Alexander Holtz wins face-off versus Riley Duran in NEW-YORK OUTLAWS zone.
15:56 of 3rd period - Shot by Mavrik Bourque.
15:56 of 3rd period - Deflect By Alexander Holtz.
15:56 of 3rd period - Shot Blocked by Matthew Robertson.
15:58 of 3rd period - Shot by Mavrik Bourque.
15:58 of 3rd period - Stopped by Kevin Mandolese without a rebound.
15:59 of 3rd period - Riley Duran wins face-off versus Mavrik Bourque in NEW-YORK OUTLAWS zone.
16:50 of 3rd period - Logan Mailloux is hit by Jan Jenik and loses puck.
17:09 of 3rd period - Shot by Gavin Brindley.
17:09 of 3rd period - Shot Misses the Net.
17:30 of 3rd period - Icing by Carson Lambos.
17:31 of 3rd period - Riley Duran wins face-off versus Noah Ostlund in NEW-YORK OUTLAWS zone.
17:38 of 3rd period - Shot by Isaac Ratcliffe.
17:38 of 3rd period - Deflect By Noah Ostlund.
17:38 of 3rd period - Shot Misses the Net.
17:44 of 3rd period - Shot by Noah Ostlund.
17:44 of 3rd period - Stopped by Kevin Mandolese without a rebound.
17:45 of 3rd period - Dylan Peterson wins face-off versus Mavrik Bourque in NEW-YORK OUTLAWS zone.
17:50 of 3rd period - Mavrik Bourque is hit by Dylan Peterson and loses puck.
17:57 of 3rd period - Shot by Jonathan Lekkerimaki.
17:57 of 3rd period - Deflect By Nathan Legare.
17:57 of 3rd period - Shot Misses the Net.
18:07 of 3rd period - Shot by Dylan Peterson.
18:07 of 3rd period - Stopped by Callum Tung without a rebound.
18:08 of 3rd period - Noah Ostlund wins face-off versus Dylan Peterson in HARTFORD MONKEYS zone.
18:08 of 3rd period - Noah Ostlund is hit by Nathan Legare.
18:11 of 3rd period - Minor Penalty to Nathan Legare for Goalie Interference.
18:12 of 3rd period - Dylan Peterson wins face-off versus David Goyette in NEW-YORK OUTLAWS zone.
18:12 of 3rd period - Dylan Peterson is hit by Gavin Brindley.
18:32 of 3rd period - Spencer Stastney is hit by Gavin Brindley and loses puck.
19:07 of 3rd period - Ethan Samson is hit by David Goyette and loses puck.
19:32 of 3rd period - HARTFORD MONKEYS, Callum Tung is pulled from the net.
19:42 of 3rd period - Shot by Mavrik Bourque.
19:42 of 3rd period - Shot Blocked by Jonathan Lekkerimaki.
19:44 of 3rd period - Shot by Declan Carlile.
19:44 of 3rd period - Shot Misses the Net.
19:52 of 3rd period - Shot by Mavrik Bourque.
19:52 of 3rd period - Shot Blocked by Ian Mitchell.
Goals for this period are 1 for HARTFORD MONKEYS vs 0 for NEW-YORK OUTLAWS.
Shots for this period are 16 for HARTFORD MONKEYS vs 5 for NEW-YORK OUTLAWS.
Back to the Top